 Dungeon Crawl Stone Soup version 0.21.1-1-g345015f (webtiles) character file.

12047 doot the Slasher (level 11, -10/92 HPs)
             Began as a Red Draconian Wizard on June 11, 2018.
             Was a Believer of Sif Muna.
             Engulfed by a cloud of freezing vapour (28 damage)
             ... in an ice cave on June 12, 2018.
             The game lasted 00:51:23 (12484 turns).

doot the Slasher (Red Draconian Wizard)            Turns: 12484, Time: 00:51:23

Health: -10/92     AC: 12    Str:  9    XL:     11   Next: 57%
Magic:  21/21      EV: 14    Int: 21    God:    Sif Muna [**....]
Gold:   882        SH:  6    Dex: 11    Spells: 14/24 levels left

rFire    + . .     SeeInvis .   T - +10 dagger "Saef" {distort, rN+}
rCold    . . .     Gourm    .   E - +2 buckler {AC+3}
rNeg     + . .     Faith    .   (armour unavailable)
rPois    .         Spirit   .   e - +1 hat
rElec    .         Reflect  .   R - +0 cloak
rCorr    .         Harm     .   (no gloves)
MR       .....                  (no boots)
Stlth    +++.......             y - amulet of magic regeneration
HPRegen  0.25/turn              (no ring)
MPRegen  0.42/turn              (no ring)

@: slowed, very slow
A: breathe fire, unfitting armour, fire resistance 1, cold-blooded, AC +7
a: Breathe Fire, Divine Energy, Renounce Religion


You were in an ice cave.
You worshipped Sif Muna.
Sif Muna was pleased with you.
You were not hungry.

You visited 3 branches of the dungeon, and saw 10 of its levels.
You also visited: Sewer and Ice Cave.

You collected 882 gold pieces.

Inventory:

Hand Weapons
 a - a +2 scimitar of freezing
 b - a +1 hunting sling of flaming
 d - a +0 dagger
 i - a +1 battleaxe of freezing
 H - a +0 whip
 T - the +10 dagger "Saef" (weapon) {distort, rN+}
   (You found it in an ice cave)

   It warps and distorts space around it.
   Unwielding it can cause banishment or high damage.
   It protects you from negative energy.
Missiles
 B - 46 sling bullets
 C - 190 stones (quivered)
Armour
 e - a +1 hat (worn)
 E - a +2 buckler of protection (worn)
 R - a +0 cloak (worn)
Magical Staves
 f - an uncursed staff of summoning
Jewellery
 y - an amulet of magic regeneration (around neck)
 D - an uncursed ring of protection from cold {unknown}
Wands
 c - a wand of iceblast (14)
 v - a wand of acid (5)
 J - a wand of flame (22)
 K - a wand of polymorph (28)
Scrolls
 g - 3 scrolls of amnesia
 j - 2 scrolls of immolation
 m - 3 scrolls of enchant weapon
 o - 2 scrolls of noise
 p - 5 scrolls of teleportation
 t - 3 scrolls of enchant armour
 w - 2 scrolls of fog
 A - 5 scrolls of remove curse
 L - a scroll of fear {unknown}
 N - a scroll of silence {unknown}
 O - a scroll of acquirement {unknown}
 P - a scroll of identify
 Q - a scroll of random uselessness {unknown}
Potions
 h - a potion of might {unknown}
 k - a potion of resistance {unknown}
 l - 2 potions of lignification
 q - 4 potions of haste
 r - 3 potions of cancellation
 s - 3 potions of brilliance {unknown}
 u - 2 potions of mutation {unknown}
 z - a potion of degeneration {unknown}
 F - 2 potions of agility
 G - 3 potions of flight
Books
 n - a book of Minor Magic

   Spells                             Type                      Level
   a - Magic Dart                     Conjuration                  1
   b - Blink                          Translocation                2
   c - Call Imp                       Summoning                    2
   d - Slow                           Hexes                        2
   e - Conjure Flame                  Conjuration/Fire             3
   f - Mephitic Cloud                 Conjuration/Poison/Air       3
 I - a book of Misfortune

   Spells                             Type                      Level
   a - Confusing Touch                Hexes                        1
   b - Confuse                        Hexes                        3
   c - Gell's Gravitas                Translocation                3
   d - Petrify                        Transmutation/Earth          4
   e - Metabolic Englaciation         Hexes/Ice                    5
   f - Yara's Violent Unravelling     Hexes/Transmutation          5
 M - a book of Air

   Spells                             Type                      Level
   a - Shock                          Conjuration/Air              1
   b - Swiftness                      Charms/Air                   2
   c - Static Discharge               Conjuration/Air              3
   d - Airstrike                      Air                          4
   e - Lightning Bolt                 Conjuration/Air              5
 S - The Arcane Secrets of Casting
   (You found it in an ice cave)

   Spells                             Type                      Level
   a - Orb of Destruction             Conjuration                  7
   b - Malign Gateway                 Summoning/Translocation      7
   c - Summon Hydra                   Summoning                    7
   d - Dragon Form                    Transmutation                7
Comestibles
 x - 14 rations


   Skills:
 + Level 7.0 Fighting
 + Level 0.1(4.6) Short Blades
 + Level 7.6 Long Blades
 + Level 1.8 Maces & Flails
 + Level 7.1 Slings
 + Level 5.4 Dodging
 + Level 4.5 Stealth
 + Level 3.7 Shields
 + Level 7.3 Spellcasting
 + Level 4.2 Conjurations
 + Level 3.8 Summonings
 + Level 1.1 Translocations
 + Level 3.9 Fire Magic
 + Level 2.5 Air Magic
 + Level 2.4 Poison Magic


You had 14 spell levels left.
You knew the following spells:

 Your Spells              Type           Power        Failure   Level  Hunger
a - Blink                 Tloc           N/A          9%          2    None
b - Call Imp              Summ           ###.....     2%          2    None
c - Conjure Flame         Conj/Fire      ###.....     4%          3    None
d - Mephitic Cloud        Conj/Pois/Air  ###.....     8%          3    None


Dungeon Overview and Level Annotations

Branches:
Dungeon (8/15)             Temple (1/1) D:7            Lair (1/6) D:8

Altars:
Ashenzari
Cheibriados
Dithmenos
Elyvilon
Fedhas
Gozag
Hepliaklqana
Kikubaaqudgha
Makhleb
Nemelex Xobeh
Okawaru
Qazlal
Ru
Sif Muna
Trog
Uskayaw
Vehumet
Wu Jian
Xom
Yredelemnul
Zin
The Shining One
Beogh

Shops:
D:6 }

Annotations:
D:1 Terence


Innate Abilities, Weirdness & Mutations

You can breathe blasts of fire.
Your fiery red scales are hard. (AC +7)
You cannot fit into any form of body armour.
Your flesh is heat resistant. (rF+)
You are cold-blooded and may be slowed by cold attacks.


Message History

You see here an arbalest of freezing.
You are engulfed in freezing vapours.
You are engulfed in freezing vapours.
You feel yourself slow down.
Found an ice covered gate leading back out of this place.
You enter the shallow water.
Moving in this stuff is going to be slow.
You are engulfed in freezing vapours.
Really walk into that cloud of freezing vapour? [Y]es or [N]o only, please.
Really walk into that cloud of freezing vapour?
Okay, then.
You enter the shallow water.
Moving in this stuff is going to be slow.
You are engulfed in freezing vapours.
You feel as though you will be slow longer.
You are engulfed in freezing vapours.
You feel as though you will be slow longer.
* * * LOW HITPOINT WARNING * * *
You are engulfed in freezing vapours.
You die...

##...# ##..# ##.. ##. ### ##
##.## # ##)#.## #≈≈≈≈≈## #
#[#.#[# ###### ≈≈#≈#≈≈##
##.#.#####§@§§### ≈≈≈≈≈≈≈≈##
##.#.##§§§#§§§§# ≈≈≈≈≈≈≈≈≈
####.§§§####### #≈≈#≈≈≈≈
##...#### #####≈≈≈##
###...## ###...##≈≈≈#
#....## ##..##..≈#≈≈≈
#.....## #..#####.≈≈#≈
###....##########..#..######
###...##...##...#..#.###.#


There were no monsters in sight!

Vanquished Creatures
  A frost giant (IceCv)
  A death yak (IceCv)
  The ghost of inc the Thaumaturge, a novice OpVM of Gozag (D:7)
  Joseph (D:7)
  2 rime drakes (Lair:1)
  11 polar bears (IceCv)
  A hippogriff (D:8)
  11 yaks (IceCv)
  3 wraiths (D:7)
  A wyvern (D:8)
  A hungry ghost (D:8)
  2 water moccasins (Lair:1)
  A porcupine (Lair:1)
  4 sky beasts
  2 ice beasts
  A phantom (D:4)
  A necrophage (D:8)
  6 ogres
  17 wolves
  2 centaurs (D:8)
  A big kobold (D:7)
  6 bullfrogs
  2 water moccasin skeletons
  2 wights (D:7)
  A crimson imp (D:8)
  3 centaur skeletons
  A hound (D:5)
  4 human zombies (D:7)
  3 orc priests
  8 orc wizards
  An iguana (D:5)
  A human skeleton (D:7)
  4 worker ants
  A killer bee zombie (D:8)
  A hound zombie (D:6)
  12 adders
  5 gnolls
  2 river rats (Sewer)
  2 adder zombies (D:8)
  4 worms
  A dart slug (D:3)
  5 leopard geckos
  21 orcs
  2 giant cockroaches
  2 hobgoblins (D:3)
  6 jackals
  3 quokkas
  2 ball pythons
  4 bats
  4 frilled lizards
  3 goblins
  13 kobolds
  A quokka skeleton (D:5)
  A quokka zombie (D:8)
  9 rats
211 creatures vanquished.

Vanquished Creatures (collateral kills)
  A big kobold (Sewer)
  The ghost of inc the Conjurer, an amateur OpCj (D:3)
  A bullfrog (D:6)
  A troll zombie (D:7)
  A bullfrog skeleton (D:4)
  2 worker ants
  An adder (D:3)
  An ooze (D:1)
  An adder zombie (D:5)
  4 worms
  A leopard gecko (D:1)
  2 orcs (D:5)
  A goblin (D:2)
  2 hobgoblins
  2 jackals (D:2)
  4 kobolds
  An orc zombie (D:7)
  A rat (D:5)
28 creatures vanquished.

Vanquished Creatures (others)
  6 polar bears (IceCv)
  4 yaks (IceCv)
  6 wolves (IceCv)
16 creatures vanquished.

Grand Total: 255 creatures vanquished

Notes
Turn   | Place    | Note
-------+----------+-------------------------------------------
     0 | D:1      | doot the Draconian Wizard began the quest for the Orb.
     0 | D:1      | Reached XP level 1. HP: 14/14 MP: 4/4
    26 | D:1      | Reached XP level 2. HP: 4/20 MP: 0/6
   291 | D:1      | Learned a level 2 spell: Call Imp
  1224 | D:2      | Reached XP level 3. HP: 26/26 MP: 1/8
  1229 | D:2      | Learned a level 3 spell: Conjure Flame
  1282 | D:2      | Noticed Terence
  1546 | D:1      | Learned a level 3 spell: Mephitic Cloud
  1739 | D:1      | HP: 1/26 [Terence/short sword (3)]
  2555 | D:3      | Noticed inc's ghost (amateur OpCj)
  2564 | D:3      | Killed inc's ghost
  2564 | D:3      | Reached skill level 1 in Slings
  2564 | D:3      | Reached XP level 4. HP: 33/34 MP: 6/10
  2661 | D:3      | Reached XP level 5. HP: 39/39 MP: 2/11
  3864 | D:4      | Reached skill level 1 in Maces & Flails
  3871 | D:4      | Reached skill level 1 in Fighting
  3871 | D:4      | Reached XP level 6. HP: 39/47 MP: 10/12
  3963 | D:4      | Reached skill level 1 in Air Magic
  4434 | D:4      | Your scales start taking on a fiery red colour.
  4434 | D:4      | Reached skill level 1 in Fire Magic
  4434 | D:4      | Reached XP level 7. HP: 46/52 MP: 14/14
  4434 | D:4      | Gained mutation: Your flesh is heat resistant. (rF+) [Red Draconian growth]
  4462 | D:4      | Reached skill level 5 in Spellcasting
  4653 | D:4      | Found a roughly hewn altar of Beogh.
  4741 | D:5      | Entered Level 5 of the Dungeon
  4955 | D:5      | Found a glowing drain.
  4966 | Sewer    | Entered a sewer
  5149 | Sewer    | Found a glowing silver altar of Zin.
  5657 | D:5      | Reached skill level 1 in Poison Magic
  5657 | D:5      | Reached XP level 8. HP: 61/61 MP: 13/16
  5726 | D:5      | Reached skill level 1 in Long Blades
  5995 | D:6      | Found Zatz's Gadget Emporium.
  6105 | D:6      | Found an opulent altar of Gozag.
  6314 | D:6      | Reached skill level 5 in Slings
  6435 | D:7      | Learned a level 2 spell: Blink
  6487 | D:7      | Found a staircase to the Ecumenical Temple.
  6543 | Temple   | Entered the Ecumenical Temple
  6703 | Temple   | Became a worshipper of Sif Muna the Loreminder
  6840 | D:7      | Reached XP level 9. HP: 51/70 MP: 16/18
  6866 | D:7      | Found a basalt altar of Yredelemnul.
  7286 | D:7      | Reached skill level 1 in Shields
  7321 | D:7      | Noticed inc's ghost (novice OpVM)
  7331 | D:7      | Killed inc's ghost
  7535 | D:7      | Noticed Joseph
  7571 | D:7      | Killed Joseph
  7703 | D:7      | Reached skill level 5 in Long Blades
  8267 | D:8      | Reached skill level 5 in Fighting
  8322 | D:8      | Reached XP level 10. HP: 58/81 MP: 17/19
  8413 | D:8      | Found a staircase to the Lair.
  8609 | D:8      | Reached * piety under Sif Muna
  8974 | Lair:1   | Entered Level 1 of the Lair of Beasts
  9242 | Lair:1   | Noticed a spiny frog
  9285 | Lair:1   | Found a frozen archway.
  9347 | IceCv    | Entered an ice cave
 10322 | IceCv    | Reached XP level 11. HP: 87/91 MP: 21/21
 10710 | IceCv    | Reached skill level 5 in Dodging
 11524 | IceCv    | Noticed a frost giant
 11525 | IceCv    | Noticed a death yak
 11831 | IceCv    | Killed a death yak
 12061 | IceCv    | HP: 2/91 [frost giant/bolt of cold (63)]
 12070 | IceCv    | Killed a frost giant
 12070 | IceCv    | Reached ** piety under Sif Muna
 12461 | IceCv    | Identified The Arcane Secrets of Casting
 12467 | IceCv    | Got a scorched dagger
 12468 | IceCv    | Identified the +10 dagger "Saef" {distort, rN+} (You found it in an ice cave)
 12484 | IceCv    | Engulfed by a cloud of freezing vapour

Skill      XL: |  1  2  3  4  5  6  7  8  9 10 11 |
---------------+----------------------------------+-----
Stealth        | 2 3 4 |  4.5
Spellcasting   | 4 5 6 7 |  7.3
Slings         | 1 2 3 4 5 6 7 |  7.1
Dodging        | 2 3 4 5 |  5.4
Maces & Flails | 1 |  1.8
Fighting       | 1 2 3 5 6 7 |  7.0
Air Magic      | 1 2 |  2.5
Fire Magic     | 1 2 3 |  3.9
Conjurations   | 2 3 4 |  4.2
Summonings     | 2 3 |  3.8
Poison Magic   | 1 2 |  2.4
Long Blades    | 3 5 7 |  7.6
Shields        | 1 2 3 |  3.7
Short Blades   | |  0.1
Translocations | |  1.1

Action                   |  1- 3 |  4- 6 |  7- 9 | 10-12 || total
-------------------------+-------+-------+-------+-------++-------
Melee: Dagger            |     6 |       |       |       ||     6
       Tailslap          |     8 |     4 |    18 |    16 ||    46
       Whip              |   106 |    32 |    24 |       ||   162
       Scimitar          |       |       |   125 |   128 ||   253
 Fire: Hunting sling     |    31 |    78 |   179 |    66 ||   354
Throw: Stone             |       |       |     2 |       ||     2
 Cast: Magic Dart        |    13 |       |       |       ||    13
       Call Imp          |    20 |     4 |    23 |    12 ||    59
       Conjure Flame     |     1 |    12 |    18 |    20 ||    51
       Mephitic Cloud    |       |    12 |    14 |    17 ||    43
       Blink             |       |       |       |     1 ||     1
 Abil: Breathe Fire      |       |       |    20 |    22 ||    42
  Use: Scroll            |     3 |     1 |       |    11 ||    15
       Potion            |     1 |       |       |     7 ||     8
 Stab: Sleeping          |     4 |     1 |     5 |     1 ||    11
       Confused          |       |       |     1 |     2 ||     3
       Distracted        |       |       |     1 |       ||     1
  Eat: Chunk             |     3 |     8 |    14 |    13 ||    38
       Ration            |     1 |       |     1 |     2 ||     4
Armor: Skin              |    34 |     7 |    71 |    86 ||   198
Dodge: Dodged            |    78 |    27 |    95 |   171 ||   371
Block: Buckler           |       |       |    37 |    86 ||   123
       Rpst.: Scimitar   |       |       |    16 |    46 ||    62
